 Dungeon Crawl Stone Soup version 0.28.0-53-g5a82cb258f (webtiles) character file.

Game seed: 17539907091041333442

263 issech the Chopper (level 5, -3/47 HPs)
             Began as a Minotaur Monk on June 6, 2022.
             Slain by a wraith (5 damage)
             ... in an ossuary.
             The game lasted 00:10:11 (4424 turns).

issech the Chopper (Minotaur Monk)                  Turns: 4424, Time: 00:10:12

Health: -3/47      AC:  5    Str: 15    XL:     5   Next: 97%
Magic:  4/4        EV: 12    Int:  7    God:
Gold:   31         SH:  0    Dex: 15    Spells: 4/4 levels left

rFire   . . .      SeeInvis .   t - +2 flail (venom)
rCold   . . .      Faith    .   (no shield)
rNeg    . . .      Spirit   .   f - +0 ring mail
rPois   .          Reflect  .   (helmet restricted)
rElec   .          Harm     .   (no cloak)
rCorr   .          Rampage  .   (no gloves)
Will    .....                   (no boots)
Stlth   +.........              (no amulet)
HPRegen 0.15/turn               (no ring)
MPRegen 0.09/turn               (no ring)

@: slowed, very slow
A: horns 2, retaliatory headbutt
a: no special abilities


You were in an ossuary.
You visited 1 branch of the dungeon, and saw 4 of its levels.
You also visited: Ossuary.

You collected 122 gold pieces.
You spent 91 gold pieces at shops.

Inventory:

Hand Weapons
 a - a +0 hand axe
 o - a +2 dagger of venom
 t - a +2 flail of venom (weapon)
 w - a +1 trident
 E - a +4 falchion of freezing
Missiles
 d - 9 bolts
 l - 53 stones (quivered)
 n - 11 sling bullets
 s - 2 boomerangs
Armour
 f - a +0 ring mail (worn)
Magical Staves
 u - a staff of earth
Wands
 A - a wand of charming (15)
 B - a wand of mindburst (11)
Scrolls
 g - a scroll of fog
 m - a scroll of noise
 p - 2 scrolls of teleportation
 q - 2 scrolls of vulnerability
 r - a scroll of amnesia
 y - a scroll of immolation {unknown}
 D - a scroll of fear {unknown}
Potions
 b - a potion of curing {unknown}
 c - a potion of ambrosia {unknown}
 e - 3 potions of degeneration {unknown}
 h - 3 potions of flight {unknown}
 i - a potion of cancellation {unknown}
 j - 2 potions of heal wounds {unknown}
 k - 2 potions of brilliance {unknown}
 v - a potion of experience {unknown}
 x - 2 potions of lignification {unknown}
 z - a potion of attraction {unknown}
 C - a potion of mutation {unknown}


   Skills:
 + Level 4.8 Fighting
 + Level 1.1 Short Blades
 + Level 4.9(5.3) Axes
 + Level 2.8(4.2) Maces & Flails
 + Level 2.8 Armour
 + Level 3.8 Dodging
 + Level 2.1 Stealth


You had 4 spell levels left.
You didn't know any spells.
Your spell library contained the following spells:

 Spells                   Type           Power      Damage    Failure   Level
 Slow                     Hex            0%         N/A       65%         1
 Ensorcelled Hibernation  Hex/Ice        0%         N/A       80%         2
 Passwall                 Tmut/Erth      0%         N/A       80%         2
 Sublimation of Blood     Necr           0%         N/A       80%         2
 Confusing Touch          Hex            0%         N/A       95%         3
 Summon Guardian Golem    Hex/Summ       0%         N/A       95%         3
 Swiftness                Air            0%         N/A       95%         3
 Vampiric Draining        Necr           0%         2d6       95%         3
 Petrify                  Tmut/Erth      0%         N/A       100%        4
 Irradiate                Conj/Tmut      0%         3d13      100%        5
 Orb of Destruction       Conj           0%         9d5       100%        7
 Spellforged Servitor     Conj/Summ      0%         N/A       100%        7


Dungeon Overview and Level Annotations

Branches:
Dungeon (4/15)            Ossuary (1/1)
 Temple: D:4-7

Altars:

Shops:
D:2 ?


Innate Abilities, Weirdness & Mutations

You have a pair of horns on your head.
You reflexively headbutt those who attack you in melee.


Message History

The wraith closely misses you.
You barely miss the wraith.
The wraith is moderately damaged.
The wraith hits you. x2; The wraith drains your vigour!
You feel as though you will be slow longer.
You closely miss the wraith.
The wraith is moderately damaged.
The wraith barely misses you. The wraith misses you.
You hit the wraith but do no damage.
The wraith is moderately damaged.
The wraith hits you! The wraith drains your vigour!
You feel as though you will be slow longer.
The wraith hits you but does no damage.
You closely miss the wraith. You headbutt the wraith.
The wraith is heavily damaged.
The wraith hits you. The wraith drains your vigour!
You feel as though you will be slow longer.
The wraith hits you! The wraith drains your vigour!
You feel as though you will be slow longer.
You hit the wraith.
The wraith is severely damaged.
The wraith hits you.
You closely miss the wraith.
The wraith is severely damaged.
The wraith hits you!
* * * LOW HITPOINT WARNING * * *
The wraith hits you but does no damage.
You barely miss the wraith. Your headbutt misses the wraith.
The wraith is severely damaged.
The wraith hits you.
* * * LOW HITPOINT WARNING * * *
The wraith drains your vigour!
You feel as though you will be slow longer.
The wraith hits you.
* * * LOW HITPOINT WARNING * * *
Okay, then.
You closely miss the wraith.
The wraith is severely damaged.
The wraith hits you.
You die...

# #...............#
###.###.......###.#
..'.# #.......# #.#
###.# #.......###.#
# #...............#
# #.###..###..###.#
#.# #..# #..#.#.#
#.+ #..###..##W.#
#.. ..........@.#
#################


You could see a wraith.

Vanquished Creatures
  2 wights (Ossuary)
  An orc wizard (D:4)
  A mummy (D:4)
  6 adders
  An adder zombie (Ossuary)
  A worm (D:3)
  8 orcs
  3 ball pythons
  6 endoplasms
  A giant cockroach (D:1)
  8 goblins
  4 hobgoblins
  4 jackals (D:2)
  8 kobolds
  4 quokkas
  3 ball python skeletons (Ossuary)
  7 bats
  2 frilled lizards (D:2)
  A hobgoblin zombie (Ossuary)
  A kobold zombie (Ossuary)
  An orc skeleton (Ossuary)
  2 orc zombies (Ossuary)
  3 rats
78 creatures vanquished.

Notes
Turn   | Place    | Note
-------+----------+-------------------------------------------
     0 | D:1      | issech the Minotaur Monk began the quest for the Orb.
     0 | D:1      | Reached XP level 1. HP: 19/19 MP: 0/0
   622 | D:1      | Reached XP level 2. HP: 27/27 MP: 1/1
  1066 | D:2      | Found Qemidgh's Magic Scroll Emporium.
  1071 | D:2      | Bought a scroll of identify for 28 gold pieces
  1072 | D:2      | Bought a scroll of noise for 14 gold pieces
  1185 | D:2      | Reached XP level 3. HP: 31/33 MP: 2/2
  1430 | D:2      | Reached skill level 1 in Armour
  2143 | D:2      | Reached XP level 4. HP: 41/41 MP: 3/3
  3685 | D:2      | Bought a scroll of magic mapping for 49 gold pieces
  3794 | D:4      | Reached XP level 5. HP: 44/47 MP: 4/4
  3828 | D:4      | Reached skill level 1 in Short Blades
  3858 | D:4      | Found a sand-covered staircase.
  3863 | D:4      | Reached skill level 1 in Maces & Flails
  3866 | Ossuary  | Entered an ossuary
  4099 | Ossuary  | Noticed a flying skull
  4099 | Ossuary  | Noticed a wraith
  4106 | Ossuary  | Noticed a flying skull
  4414 | Ossuary  | Noticed a wraith
  4423 | Ossuary  | HP: 2/47 [wraith (4)]
  4424 | Ossuary  | Slain by a wraith

Illustrated notes

Levels and vault maps discovered:
D:1:      co_arrival_square_in_a_square_in_a_square, layout_loops_ring
D:2:      layout_loops_corners, serial_shops, shop_fountains,
          kennysheep_generic_room_13
D:3:      layout_basic, minmay_misc_feat_ornament
D:4:      layout_basic, overflow_temple_1_default, nicolae_ossuary_entry_giza
Ossuary:  ossuary_due_cavern

Skill      XL: |  1  2  3  4  5 |
---------------+----------------+-----
Axes           | 4 |  4.9
Fighting       | 4 |  4.8
Armour         | 1 2 |  2.8
Stealth        | 2 |  2.1
Short Blades   | 1 |  1.1
Maces & Flails | 2 |  2.8
Dodging        | |  3.8

Action                   |  1- 3 |  4- 6 || total
-------------------------+-------+-------++-------
Melee: Hand axe          |    50 |       ||    50
       Headbutt          |     9 |    15 ||    24
       Dagger            |    30 |    34 ||    64
       Flail             |       |    66 ||    66
       Punch             |       |     2 ||     2
Throw: Stone             |       |     4 ||     4
  Use: Scroll            |     2 |     3 ||     5
 Stab: Sleeping          |       |     1 ||     1
Armor: Ring mail         |    26 |    31 ||    57
Dodge: Dodged            |    47 |    50 ||    97
